Map: Bel'Shir Vestige LE (Void)

Players

dallaskuken - Winner!

  • Race: Protoss Protoss
  • League: Platinum
  • Spawn Location: 11:00

Natiking

  • Race: Protoss Protoss
  • League: Diamond
  • Spawn Location: 5:00

VOD

Have the link to the VOD?

Description

Time

  • Played on: April 11, 2017, 4:11 p.m.
  • Length: 7:10
Show
View Real Time Build Order
Export as new Build Order

dallaskuken Protoss - Winner!

Build Orders: Oracle Opening 

Get SALT Encoding   

  12  0:00  Probe (Chrono Boost)  
  13  0:11  Probe (Chrono Boost)  
  14  0:20  Pylon  
  14  0:22  Probe (Chrono Boost)  
  15  0:38  Probe (Chrono Boost)  
  16  0:42  Gateway  
  16  0:49  Probe (Chrono Boost)  
  17  0:57  Assimilator  
  17  0:59  Probe (Chrono Boost)  
  17  1:01  Assimilator  
  18  1:10  Probe (Chrono Boost)  
  19  1:20  Probe (Chrono Boost)  
  20  1:30  Cybernetics Core  
  20  1:31  Probe (Chrono Boost)  
  21  1:36  Pylon  
  21  1:41  Probe (Chrono Boost)  
  22  1:52  Probe (Chrono Boost)  
  23  2:02  Probe (Chrono Boost)  
  24  2:08  Stargate  
  24  2:13  Probe (Chrono Boost)  
  25  2:23  Warp Gate, Probe (Chrono Boost)  
  25  2:24  Nexus  
  26  2:34  Probe (Chrono Boost)  
  26  2:35  Zealot  
  29  2:41  Pylon  
  31  2:59  Mothership Core (Chrono Boost), Oracle  
  31  3:04  Pylon  
  34  3:17  Probe (Chrono Boost)  
  35  3:27  Probe (Chrono Boost)  
  36  3:38  Probe (Chrono Boost)  
  37  3:41  Probe (Chrono Boost)  
  38  3:48  Probe (Chrono Boost)  
  38  3:52  Probe (Chrono Boost)  
  40  3:56  Pylon  
  40  3:59  Probe (Chrono Boost)  
  41  4:04  Probe (Chrono Boost)  
  43  4:10  Probe (Chrono Boost)  
  43  4:14  Probe (Chrono Boost)  
  44  4:20  Probe (Chrono Boost)  
  45  4:25  Probe (Chrono Boost)  
  45  4:31  Probe (Chrono Boost)  
  47  4:34  Gateway  
  47  4:36  Gateway  
  47  4:38  Gateway  
  47  4:41  Gateway  
  46  5:18  Pylon  
  46  5:19  Pylon  
  46  5:56  Nexus  
  46  5:59  Pylon  
  46  6:00  Pylon  
  46  6:11  Stalker, Assimilator  
  46  6:13  Assimilator  
  48  6:19  Pylon  
  48  6:21  Pylon  
  48  6:23  Pylon  
  48  6:26  Pylon  
  48  6:33  Stalker x3  
  48  6:34  Stalker x2  
Show
View Real Time Build Order
Export as new Build Order

Natiking Protoss 

Build Orders:  

Get SALT Encoding   

  12  0:00  Probe (Chrono Boost)  
  13  0:11  Probe (Chrono Boost)  
  14  0:22  Probe (Chrono Boost)  
  14  0:24  Pylon  
  15  0:31  Assimilator  
  15  0:42  Probe (Chrono Boost)  
  16  0:47  Gateway  
  16  0:52  Probe (Chrono Boost)  
  17  1:03  Probe (Chrono Boost)  
  18  1:07  Pylon  
  18  1:14  Probe (Chrono Boost)  
  19  1:24  Probe (Chrono Boost)  
  20  1:26  Gateway  
  20  1:35  Cybernetics Core, Probe (Chrono Boost)  
  21  1:40  Zealot  
  23  1:55  Probe (Chrono Boost)  
  24  2:01  Assimilator  
  24  2:06  Probe (Chrono Boost)  
  24  2:07  Zealot  
  27  2:10  Pylon  
  27  2:11  Warp Gate  
  27  2:20  Robotics Facility  
  27  2:25  Zealot  
  29  2:32  Probe (Chrono Boost)  
  30  2:40  Zealot  
  32  3:00  Adept  
  32  3:03  Immortal  
  38  3:16  Twilight Council  
  38  3:21  Gateway  
  38  3:23  Pylon  
  37  3:37  Immortal  
  41  4:09  Nexus  
  40  4:10  Pylon  
  33  4:17  Stalker  
  30  4:31  Probe (Chrono Boost)  
  28  5:02  Probe (Chrono Boost)  
  29  5:12  Probe (Chrono Boost)  
  30  5:21  Probe (Chrono Boost)  
  31  5:26  Probe (Chrono Boost)  
  32  5:31  Probe (Chrono Boost)  
  33  5:39  Probe (Chrono Boost)  
  33  5:42  Probe (Chrono Boost)  
  31  5:49  Probe (Chrono Boost)  
  24  6:16  Probe (Chrono Boost)  
  25  6:27  Probe (Chrono Boost)  
  26  6:37  Probe (Chrono Boost)  
  26  6:38  Probe (Chrono Boost)  
Tags
 
Add a new tag
Caveats
  • Supply blocks, unpowered buildings, or Contaminate may cause inaccurate times.
  • Supply counts are checked every 10 seconds.